 Dungeon Crawl Stone Soup version 0.26-a0-694-g74916bafe0 (webtiles) character file.

Game seed: 15290601018866649344

19926 Chiseanne the Imperceptible (level 12, -5/56 HPs)
             Began as a Spriggan Delver on Oct 23, 2020.
             Was an Initiate of Gozag.
             Killed from afar by a rime drake (26 damage)
             ... with a flash freeze
             ... on level 6 of the Lair of Beasts on Oct 25, 2020.
             The game lasted 00:49:36 (11963 turns).

Chiseanne the Imperceptible (Spriggan Delver)      Turns: 11963, Time: 00:49:37

Health: -5/56      AC:  4    Str:  8    XL:     12   Next: 40%
Magic:  11/11      EV: 33    Int: 12    God:    Gozag
Gold:   922        SH:  0    Dex: 22    Spells: 10/11 levels left

rFire    + . .     SeeInvis +   a - +4 dagger (elec)
rCold    + . .     Faith    .   (shield restricted)
rNeg     . . .     Spirit   .   b - +2 robe
rPois    .         Reflect  .   (helmet restricted)
rElec    .         Harm     .   q - scarf {rC+ rF+}
rCorr    .         Rampage  .   (gloves unavailable)
MR       ++...                  (boots unavailable)
Stlth    ++++++++..             (no amulet)
HPRegen  0.18/turn              (no ring)
MPRegen  0.12/turn              (no ring)

@: very quick
A: very small, unfitting armour, talons 1, see invisible, speed 3, low mp 1
a: Potion Petition, Call Merchant, Bribe Branch, Renounce Religion


You were on level 6 of the Lair of Beasts.
You worshipped Gozag.
Gozag was pleased with you.
You visited 3 branches of the dungeon, and saw 18 of its levels.

You collected 2051 gold pieces.
You spent 308 gold pieces at shops.
You paid 821 gold pieces to Gozag.

Inventory:

Hand Weapons
 a - a +4 dagger of electrocution (weapon)
 s - a +2 rapier of speed
Missiles
 e - 74 sling bullets
 h - 49 arrows
 i - 44 bolts
 n - 99 stones
 v - a throwing net
 x - 6 boomerangs
 y - 27 poisoned darts (quivered)
 C - 9 curare-tipped darts
Armour
 b - a +2 robe (worn)
 l - a +0 cloak
 q - a scarf of resistance (worn)
Wands
 g - a wand of iceblast (13)
 I - a wand of acid (1)
 L - a wand of paralysis (2)
Scrolls
 c - 2 scrolls of fog
 k - 2 scrolls of teleportation
 t - 2 scrolls of immolation
 w - 2 scrolls of amnesia
 A - a scroll of enchant armour
 B - 2 scrolls of identify
 D - 2 scrolls of remove curse
 G - a scroll of blinking
 H - 2 scrolls of brand weapon
Potions
 d - a potion of cancellation
 f - 6 potions of haste
 j - 3 potions of flight
 o - a potion of mutation
 p - a potion of stabbing {unknown}
 r - 8 potions of curing
 u - 3 potions of might
 F - 6 potions of lignification
Miscellaneous
 z - a phantom mirror


   Skills:
 - Level 2.4 Fighting
 - Level 10.0 Short Blades
 + Level 15.1 Dodging
 - Level 21.7 Stealth


You had 10 spell levels left.
You knew the following spells:

 Your Spells              Type           Power        Failure   Level
a - Apportation           Tloc           #.....       32%         1

Your spell library contained the following spells:

 Spells                   Type           Power        Failure   Level
 Animate Skeleton         Necr           #.....       32%         1
 Corona                   Hex            #......      32%         1
 Summon Small Mammal      Summ           #...         32%         1


Dungeon Overview and Level Annotations

Branches:
Dungeon (11/15)            Temple (1/1) D:4            Lair (6/6) D:10
 Shoals (0/4) Lair:3       Spider (0/4) Lair:2        Slime (0/5) Lair:5
    Orc: D:9-12

Altars:
Ashenzari
Cheibriados
Dithmenos
Elyvilon
Fedhas
Gozag
Hepliaklqana
Kikubaaqudgha
Makhleb
Nemelex Xobeh
Okawaru
Qazlal
Ru
Sif Muna
Trog
Uskayaw
Vehumet
Wu Jian
Xom
Yredelemnul
Zin
The Shining One
Jiyva

Shops:
D:10 (

Annotations:
Lair:3 3 runed translucent doors, shin's ghost, journeyman DrTm
Lair:6 2 runed translucent doors, Snorg


Innate Abilities, Weirdness & Mutations

You are very small and have problems with some larger weapons.
You are too small for most types of armour.
You have supernaturally acute eyesight. (SInv)
You cover ground extremely quickly.
You have sharp toenails.
Your magical capacity is low. (-10% MP)


Message History

The rime drake breathes ice at you. The flash freeze misses you.
You hit the rime drake.
You claw the rime drake, but do no damage.
The rime drake is severely wounded.
You closely miss the rime drake.
The rime drake is severely wounded.
The rime drake completely misses you.
You closely miss the rime drake.
You claw the rime drake, but do no damage.
The rime drake is severely wounded.
The rime drake bites you!
You hit the rime drake.
The rime drake is severely wounded.
You closely miss the rime drake. You claw the rime drake.
The rime drake is almost dead.
The rime drake breathes ice at you. The flash freeze hits you!!
You partially resist.
You die...
Your body crumbles into a pile of gold.

*## *##* ##* #### ###
####P#***..###.###..#########.###
##...#.#..#..#.#...#..#..##..#.P#
.....S...........................
.................................
.PD.......#............#P........
..S..............................
S.lYD..........k@..#.............
.Y..YY.....................P.....
≈≈.≈.Y..........#.........PP..##.
..$≈≈.....................P.P....
#≈≈≈≈≈Y.....#####.#.##......#.#PP
#≈≈≈.≈#.#.........###*.P..###*##.
...≈.....<........# *,...## #.
.................## **#### ##
...............##**** ********


You could see a rime drake (catching breath).

Vanquished Creatures
  5 hydras
  2 two-headed ogres
  A fire crab (Lair:6)
  2 black mambas (Lair:6)
  5 elephants (Lair:6)
  Maurice (D:10)
  8 cane toads
  A rime drake (Lair:5)
  3 komodo dragons
  A troll (D:9)
  11 blink frogs
  2 jumping spiders (Lair:2)
  A snapping turtle (Lair:3)
  2 redbacks (Lair:2)
  A wyvern (Lair:3)
  10 yaks
  2 basilisks
  9 water moccasins
  An orc warrior (D:10)
  Purgy (D:4)
  An eye of draining (D:11)
  A phantom (D:10)
  A necrophage (D:6)
  5 ogres
  A wolf (Lair:5)
  5 bullfrogs
  3 scorpions
  A howler monkey (D:4)
  2 electric eels (Lair:3)
  A hound (D:6)
  2 orc priests
  A jelly (D:9)
  3 orc wizards
  2 centaur skeletons
  4 iguanas
  4 worker ants
  A hound skeleton (D:6)
  5 gnolls
  2 adders
  A shadow imp (D:6)
  An adder zombie (D:6)
  An ooze (D:6)
  A worm (D:4)
  3 leopard geckos
  14 orcs
  A giant cockroach (D:7)
  A goblin (D:3)
  3 hobgoblins
  17 jackals
  7 quokkas
  A ball python (D:2)
  A bat (D:2)
  3 frilled lizards
  A kobold (D:1)
  4 rats
  A bush (Lair:6)
  A toadstool (D:4)
176 creatures vanquished.

Vanquished Creatures (collateral kills)
  Sonja (D:10)
1 creature vanquished.

Vanquished Creatures (others)
  A water moccasin (Lair:6)
  A bush (Lair:6)
  50 fungi
  49 plants
  3 toadstools (D:4)
104 creatures vanquished.

Grand Total: 281 creatures vanquished

Notes
Turn   | Place    | Note
-------+----------+-------------------------------------------
     0 | D:5      | Chiseanne the Spriggan Delver began the quest for the Orb.
     0 | D:5      | Reached XP level 1. HP: 11/11 MP: 2/2
    39 | D:5      | Noticed an ogre
    74 | D:6      | Noticed a necrophage
    76 | D:6      | Reached XP level 2. HP: 16/16 MP: 3/3
    99 | D:6      | Killed a necrophage
    99 | D:6      | Reached skill level 8 in Stealth
    99 | D:6      | Reached XP level 3. HP: 9/19 MP: 4/4
    99 | D:6      | Reached XP level 4. HP: 11/23 MP: 5/5
   532 | D:7      | Noticed a phantom
   562 | D:6      | Noticed an ogre
   948 | D:4      | Reached skill level 9 in Stealth
   948 | D:4      | Reached XP level 5. HP: 27/27 MP: 6/6
  1109 | D:4      | Reached skill level 5 in Dodging
  1348 | D:4      | Found a staircase to the Ecumenical Temple.
  1354 | D:4      | Reached skill level 10 in Stealth
  1354 | D:4      | Reached XP level 6. HP: 32/32 MP: 7/7
  1421 | Temple   | Entered the Ecumenical Temple
  1613 | Temple   | Became a worshipper of Gozag Ym Sagoz the Greedy
  1828 | D:3      | Learned a level 1 spell: Apportation
  2349 | D:4      | Found a bloodstained altar of Trog.
  2351 | D:4      | Noticed Purgy
  2356 | D:4      | Killed Purgy
  3276 | D:6      | Reached XP level 7. HP: 28/35 MP: 8/8
  3359 | D:6      | Reached skill level 11 in Stealth
  3470 | D:6      | Reached skill level 5 in Short Blades
  3894 | D:6      | Reached skill level 12 in Stealth
  4227 | D:6      | Reached XP level 8. HP: 22/39 MP: 9/9
  5270 | D:9      | Noticed a troll
  5275 | D:9      | Killed a troll
  5305 | D:10     | Entered Level 10 of the Dungeon
  5484 | D:9      | Reached skill level 13 in Stealth
  6133 | D:10     | Found a staircase to the Lair.
  6182 | D:10     | Noticed Maurice
  6222 | D:10     | Killed Maurice
  6222 | D:10     | Reached skill level 14 in Stealth
  6371 | D:10     | Reached XP level 9. HP: 37/43 MP: 10/10
  6432 | D:10     | Noticed a two-headed ogre
  6517 | D:10     | Killed a two-headed ogre
  6645 | D:10     | Noticed a gargoyle
  6765 | D:10     | Noticed Sonja
  6784 | D:10     | Reached skill level 15 in Stealth
  6809 | D:10     | Gained mutation: You are robust. (+10% HP) [potion of
                  | mutation]
  6809 | D:10     | Gained mutation: Your magical capacity is low. (-10% MP)
                  | [potion of mutation]
  6809 | D:10     | Lost mutation: You are robust. (+10% HP) [potion of
                  | mutation]
  6809 | D:10     | Gained mutation: You have sharp toenails. [potion of
                  | mutation]
  6880 | D:10     | Killed Sonja
  6880 | D:10     | Reached skill level 10 in Dodging
  7468 | D:10     | Bought a crystal falchion for 176 gold pieces
  7468 | D:10     | Bought a runed short sword for 132 gold pieces
  7472 | D:10     | Identified the +8 falchion of the Firefly {flame, Fragile
                  | MR+ Int+4 Dex+4} (You bought it in a shop on level 10 of
                  | the Dungeon)
  7538 | D:11     | Reached skill level 16 in Stealth
  7667 | D:11     | Noticed a two-headed ogre
  7671 | D:11     | Killed a two-headed ogre
  7671 | D:11     | Reached XP level 10. HP: 47/47 MP: 10/10
  7983 | Lair:1   | Entered Level 1 of the Lair of Beasts
  8480 | Lair:1   | Noticed a cane toad
  8612 | Lair:1   | Noticed a cane toad
  8637 | Lair:1   | Killed a cane toad
  8637 | Lair:1   | Reached skill level 17 in Stealth
  8753 | Lair:2   | Killed a cane toad
  8754 | Lair:2   | Noticed a cane toad
  8760 | Lair:2   | Killed a cane toad
  8886 | Lair:2   | Noticed a cane toad
  8889 | Lair:2   | Noticed a four-headed hydra
  8898 | Lair:2   | Killed a four-headed hydra
  8898 | Lair:2   | Reached skill level 18 in Stealth
  8914 | Lair:2   | Killed a cane toad
  9038 | Lair:2   | Reached XP level 11. HP: 39/51 MP: 10/10
  9416 | Lair:2   | Found a hole to the Spider Nest.
  9705 | Lair:3   | Reached skill level 10 in Short Blades
  9717 | Lair:3   | Found a runed translucent gate.
  9717 | Lair:3   | Found a runed translucent gate.
  9717 | Lair:3   | Found a runed translucent gate.
  9719 | Lair:3   | Found a viscous altar of Jiyva.
  9719 | Lair:3   | Noticed a death ooze
  9719 | Lair:3   | Noticed shin's ghost (journeyman DrTm)
  9804 | Lair:3   | Noticed a four-headed hydra
  9841 | Lair:3   | Killed a four-headed hydra
  9841 | Lair:3   | Reached skill level 19 in Stealth
 10057 | Lair:3   | Noticed a four-headed hydra
 10064 | Lair:3   | Killed a four-headed hydra
 10314 | Lair:3   | Found a staircase to the Shoals.
 10463 | Lair:5   | Reached skill level 20 in Stealth
 10576 | Lair:5   | Found a staircase to the Slime Pits.
 10577 | Lair:5   | Found a viscous altar of Jiyva.
 10585 | Lair:6   | Entered Level 6 of the Lair of Beasts
 10585 | Lair:6   | Noticed a fire crab
 10585 | Lair:6   | Noticed an eight-headed hydra
 10585 | Lair:6   | Noticed a four-headed hydra
 10587 | Lair:6   | Noticed an eight-headed hydra
 10599 | Lair:6   | Found a large runed translucent door.
 10599 | Lair:6   | Found a large runed translucent door.
 10605 | Lair:6   | Noticed a fire dragon
 10744 | Lair:6   | Upgraded the game from 0.26-a0-689-gc93c913f66 to
                  | 0.26-a0-694-g74916bafe0
 11083 | Lair:6   | Killed a fire crab
 11091 | Lair:6   | Reached XP level 12. HP: 25/56 MP: 11/11
 11275 | Lair:6   | Reached skill level 21 in Stealth
 11458 | Lair:6   | Killed an eight-headed hydra
 11674 | Lair:6   | Killed an eight-headed hydra
 11903 | Lair:6   | Reached skill level 15 in Dodging
 11921 | Lair:6   | Noticed Snorg
 11963 | Lair:6   | Killed from afar by a rime drake

Illustrated notes

Levels and vault maps discovered:
D:1:      minmay_arrival_cross, layout_loops_ring, minmay_stone_trees_large
D:2:      layout_loops_ring, old_standard_altar
D:3:      layout_loops_ring, uniq_sigmund, uniq_natasha
D:4:      minmay_razor_zed, layout_loops_corners, minmay_temple_entry_mist,
          minmay_gold_behind_fungi, trog_butcher_becter, uniq_purgy
D:5:      layout_loops_ring
D:6:      layout_basic
D:7:      layout_rooms
D:8:      layout_basic
D:9:      layout_loops_ring, erik_orc_2, serial_shops,
          nicolae_shop_temple_entry_statues_fountains
D:10:     layout_grid_maze, dpeg_oklobed_lair, patterned_corridor, uniq_maurice,
          uniq_sonja
D:11:     layout_loops_ring, minmay_tree_intersection
Temple:   grunt_wide_crystal_templ
Lair:1:   layout_long_grid, enter_volcano_4, lemuel_fruit_tree, uniq_grum
Lair:2:   layout_small_grid, spider_nest_entry_funnel_web, grunt_megastairs_4,
          serial_bayou_shore_a
Lair:3:   layout_hall_layers, minmay_shoals_entry_hut, gammafunk_ghost_ooze
Lair:4:   layout_cave_pods, gauntlet_entry_generic, st_stairs_10
Lair:5:   layout_gridlike, slime_altar_1, chequers_serial_rivers_room_a
Lair:6:   cheibrodos_lair_end_hotspot, layout_long_grid, ldierk_geyser,
          uniq_snorg

Skill      XL: |  1  2  3  4  5  6  7  8  9 10 11 12 |
---------------+-------------------------------------+-----
Short Blades   | 3 4 5 6 8 9 10 | 10.0
Dodging        | 4 5 6 7 8 10 12 14 15 | 15.1
Stealth        | 8 9 10 12 14 16 18 20 21 | 21.7
Fighting       | |  2.4

Action                   |  1- 3 |  4- 6 |  7- 9 | 10-12 || total
-------------------------+-------+-------+-------+-------++-------
Melee: Short sword       |    22 |   200 |   147 |       ||   369
       Rapier            |       |       |   117 |       ||   117
       Dagger            |       |       |    19 |   357 ||   376
       Kick              |       |       |    17 |   134 ||   151
Throw: Dart              |       |     5 |    93 |    28 ||   126
       Stone             |       |     1 |     3 |       ||     4
       Throwing net      |       |       |     2 |     1 ||     3
Invok: Call Merchant     |       |       |     1 |       ||     1
Evoke: Wand              |       |     1 |     5 |    30 ||    36
       Phantom mirror    |       |       |     1 |       ||     1
  Use: Scroll            |       |    10 |    10 |    12 ||    32
       Potion            |       |       |     8 |       ||     8
 Stab: Sleeping          |     1 |    26 |    14 |    19 ||    60
       Distracted        |       |       |     1 |     6 ||     7
       Held in net/web   |       |       |     1 |     1 ||     2
       Paralysed         |       |       |       |     2 ||     2
Armor: Robe              |     1 |     7 |    18 |     6 ||    32
Dodge: Dodged            |    17 |   140 |   226 |   215 ||   598

Table legend: (Time is in decaauts)
 A = Elapsed time spent in this place.
 B = Non-inter-level travel time spent in this place.
 C = Inter-level travel time spent in this place.
 D = Time resting spent in this place.
 E = Time spent auto-exploring this place.
 F = Levels seen in this place.
 G = Mean time per level.
                   A        B        C        D        E       F      G
               +--------+--------+--------+--------+--------+-----+--------+
         Total |   9433 |   9231 |    202 |   4445 |    175 |  18 |  524.1 |
       Dungeon |   6185 |   6009 |    176 |   2889 |     22 |  11 |  562.3 |
        Temple |    163 |    155 |      8 |      0 |    139 |   1 |  163.0 |
          Lair |   3084 |   3067 |     17 |   1555 |     12 |   6 |  514.0 |
               +--------+--------+--------+--------+--------+-----+--------+

Top non-repeatable levels by time:
    D:10: 1712 daAuts
     D:6: 1509 daAuts
  Lair:6: 1165 daAuts
     D:4: 998 daAuts
  Lair:2: 698 daAuts
     D:5: 682 daAuts
  Lair:1: 589 daAuts
  Lair:3: 479 daAuts
     D:9: 257 daAuts
     D:8: 256 daAuts
     D:7: 206 daAuts
    D:11: 189 daAuts
     D:3: 180 daAuts
  Temple: 163 daAuts
     D:2: 119 daAuts
